 Dungeon Crawl Stone Soup version 0.20.0-15-g7f486f2 (webtiles) character file.

78 Soyweiser the Ruffian (level 4, -2/36 HPs)
             Began as a Draconian Transmuter on June 9, 2017.
             Splashed by a jelly's acid (8 damage)
             ... on level 3 of the Dungeon.
             The game lasted 00:08:54 (1961 turns).

Soyweiser the Ruffian (Draconian Transmuter)        Turns: 1961, Time: 00:08:55

Health: -2/36      AC: -3    Str: 13    XL:     4   Next: 15%
Magic:  6/7        EV: 12    Int: 14    God:
Gold:   121        SH:  0    Dex: 11    Spells: 1/7 levels left

rFire    . . .     SeeInvis .     - Unarmed
rCold    . . .     Gourm    .   (no shield)
rNeg     . . .     Faith    .   (armour unavailable)
rPois    .         Spirit   .   (helmet restricted)
rElec    .         Reflect  .   (no cloak)
rCorr    .         Harm     .   (no gloves)
MR       .....                  (no boots)
Stlth    +.........             (no amulet)
Regen    0.2/turn               (no ring)
MPRegen  0.1/turn               (no ring)

@: appendage (expiring), corroded, hasted, very quick
A: unfitting armour, horns 2, cold-blooded, AC +5
a: End Transformation


You were on level 3 of the Dungeon.
You were very hungry.
You had grown temporary horns.
You visited 1 branch of the dungeon, and saw 3 of its levels.

You collected 121 gold pieces.

Inventory:

Hand Weapons
 q - a cursed +0 short sword
Missiles
 a - 12 arrows
 k - 3 needles of confusion
 m - 60 stones (quivered)
Jewellery
 p - an uncursed ring of fire {unknown}
Scrolls
 f - 2 scrolls of teleportation {unknown}
 g - 2 scrolls of remove curse {unknown}
 i - a scroll of amnesia {unknown}
 j - a scroll of enchant weapon {unknown}
 n - a scroll of magic mapping {unknown}
Potions
 d - a potion of curing
 e - a potion of haste
 h - 2 potions of lignification {unknown}
 l - a potion of agility {unknown}
 o - a potion of heal wounds {unknown}
 r - 2 potions of might {unknown}
Books
 b - a book of Changes

   Spells                             Type                      Level
   a - Beastly Appendage              Transmutation                1
   b - Sticks to Snakes               Transmutation                2
   c - Spider Form                    Transmutation/Poison         3
   d - Ice Form                       Ice/Transmutation            4
   e - Blade Hands                    Transmutation                5
Comestibles
 c - 2 bread rations


   Skills:
 + Level 1.7 Fighting
 + Level 2.7 Dodging
 + Level 3.5 Unarmed Combat
 - Level 2.0 Spellcasting
 + Level 2.6 Transmutations
 + Level 1.0 Poison Magic


You had one spell level left.
You knew the following spells:

 Your Spells              Type           Power        Failure   Level  Hunger
a - Beastly Appendage     Tmut           #.....       8%          1    ##.....
b - Sticks to Snakes      Tmut           #.......     12%         2    ###....
c - Spider Form           Tmut/Pois      #.........   32%         3    ####...


Dungeon Overview and Level Annotations

Branches:
Dungeon (3/15)

Altars:
Dithmenos
Gozag
Vehumet


Innate Abilities, Weirdness & Mutations

Your plain brown scales are hard. (AC +5)
You cannot fit into any form of body armour.
You are cold-blooded and may be slowed by cold attacks.
You have a pair of horns on your head.


Message History

You throw a stone. The stone barely misses the jelly.
The jelly barely misses you.
Throwing (i - inventory):
m - 61 stones (quivered)
Press: ? - help, Shift-Dir - straight line, f/p - jelly
Aim: a jelly (almost dead)
You throw a stone. The stone hits the jelly.
The jelly is almost dead.
The jelly hits you.
* * * LOW HITPOINT WARNING * * *
You are splashed with acid!
The acid burns!
* * * LOW HITPOINT WARNING * * *
It was a potion of curing.
You feel better.
The jelly jiggles.
The jelly misses you.
It was a potion of haste.
You feel yourself speed up.
Your transformation is almost over.
The jelly hits you.
* * * LOW HITPOINT WARNING * * *
The acid corrodes you!
You are splashed with acid!
The acid burns!
You die...

###### #@...#
........J......
#.##...........
...#.###.....
....... ####.
#.##... # .##
..


You could see a jelly.

Vanquished Creatures
  An adder (D:2)
  4 worms (D:2)
  2 dart slugs
  2 leopard geckos
  5 bats (D:1)
  A giant cockroach (D:1)
  7 goblins
  6 hobgoblins
  6 jackals (D:2)
  8 kobolds
  A quokka (D:2)
  A frilled lizard (D:1)
  2 rats
46 creatures vanquished.

Vanquished Creatures (others)
  A dart slug (D:2)
  A rat (D:2)
  3 fungi (D:2)
  5 toadstools (D:2)
10 creatures vanquished.

Grand Total: 56 creatures vanquished

Notes
Turn   | Place    | Note
-------+----------+-------------------------------------------
     0 | D:1      | Soyweiser the Draconian Transmuter began the quest for the Orb.
     0 | D:1      | Reached XP level 1. HP: 16/16 MP: 3/3
   226 | D:1      | Reached XP level 2. HP: 17/23 MP: 3/5
   230 | D:1      | Learned a level 2 spell: Sticks to Snakes
   996 | D:2      | Found an opulent altar of Gozag.
  1024 | D:2      | Reached XP level 3. HP: 17/28 MP: 6/6
  1158 | D:2      | Learned a level 3 spell: Spider Form
  1641 | D:2      | Found a shadowy altar of Dithmenos.
  1695 | D:2      | Found a radiant altar of Vehumet.
  1702 | D:2      | Reached XP level 4. HP: 31/35 MP: 7/7
  1810 | D:2      | Reached skill level 1 in Poison Magic
  1959 | D:3      | HP: 1/36 [acid (7)]
  1961 | D:3      | Splashed by a jelly's acid

Skill      XL: |  1  2  3  4 |
---------------+-------------+-----
Dodging        | 2 |  2.7
Poison Magic   | 1 |  1.0
Fighting       | |  1.7
Unarmed Combat | |  3.5
Spellcasting   | |  2.0
Transmutations | |  2.6

Action                   |  1- 3 |  4- 6 || total
-------------------------+-------+-------++-------
Melee: Unarmed           |   155 |    33 ||   188
       Tailslap          |    14 |     5 ||    19
       Kick              |    18 |       ||    18
       Punch             |     2 |       ||     2
       Headbutt          |     4 |     1 ||     5
Throw: Stone             |    19 |     5 ||    24
 Cast: Beastly Appendage |    26 |     3 ||    29
  Use: Potion            |       |     2 ||     2
 Stab: Sleeping          |     1 |       ||     1
  Eat: Chunk             |     3 |       ||     3
Armor: Skin              |    46 |    15 ||    61
Dodge: Dodged            |    92 |    30 ||   122
